 Dungeon Crawl Stone Soup version 0.20.1-1-g8b1a95d (webtiles) character file.

125 Reeggar the Grave Robber (level 4, -8/31 HPs)
             Began as a Mummy Necromancer on Oct 6, 2017.
             Was an Initiate of Gozag.
             Mangled by an ogre
             ... wielding a +0 giant club
              (19 damage)
             ... on level 3 of the Dungeon.
             The game lasted 00:23:44 (5525 turns).

Reeggar the Grave Robber (Mummy Necromancer)        Turns: 5525, Time: 00:23:44

Health: -8/31      AC:  3    Str: 11    XL:     4   Next: 82%
Magic:  9/10       EV: 12    Int: 15    God:    Gozag
Gold:   240        SH:  0    Dex: 12    Spells: 2/11 levels left

rFire    x . .     SeeInvis +   c - +0 long sword
rCold    + . .     Gourm    .   (no shield)
rNeg     + + +     Faith    .   a - +0 robe
rPois    ∞         Spirit   .   (no helmet)
rElec    .         Reflect  .   l - +0 cloak
rCorr    .         Harm     .   (no gloves)
MR       .....                  (no boots)
Stlth    ++........             (no amulet)
Regen    0.1/turn               h - ring of see invisible
MPRegen  0.2/turn               (no ring)

@: no status effects
A: no food or potions, fire vulnerability, cold resistance 1, negative energy
resistance 3, torment resistance, unbreathing
a: Potion Petition, Call Merchant, Bribe Branch, Renounce Religion


You were on level 3 of the Dungeon.
You worshipped Gozag.
Gozag was aware of your devotion.
You were not hungry.

You visited 1 branch of the dungeon, and saw 3 of its levels.

You collected 291 gold pieces.
You paid 51 gold pieces to Gozag.

Inventory:

Hand Weapons
 c - a +0 long sword (weapon)
Armour
 a - a +0 robe (worn)
 l - a +0 cloak (worn)
Jewellery
 f - a cursed ring of teleportation
 h - a ring of see invisible (left hand)
 j - an uncursed ring of magical power {unknown}
Scrolls
 d - 4 scrolls of remove curse
 e - a scroll of teleportation
 g - a scroll of fog {unknown}
 i - a scroll of fear {unknown}
 k - a scroll of blinking {unknown}
Books
 b - a book of Necromancy

   Spells                             Type                      Level
   a - Pain                           Necromancy                   1
   b - Animate Skeleton               Necromancy                   1
   c - Vampiric Draining              Necromancy                   3
   d - Regeneration                   Charms/Necromancy            3
   e - Animate Dead                   Necromancy                   4
   f - Control Undead                 Necromancy                   4


   Skills:
 * Level 0.8 Fighting
 * Level 0.1 Long Blades
 + Level 1.8 Dodging
 + Level 1.7 Stealth
 - Level 0.2 Unarmed Combat
 + Level 4.4 Spellcasting
 + Level 5.0 Necromancy


You had 2 spell levels left.
You knew the following spells:

 Your Spells              Type           Power        Failure   Level  Hunger
a - Pain                  Necr           ###.         2%          1    N/A
b - Animate Skeleton      Necr           N/A          2%          1    N/A
c - Vampiric Draining     Necr           ###.......   7%          3    N/A
d - Animate Dead          Necr           N/A          22%         4    N/A

Dungeon Overview and Level Annotations

Branches:
Dungeon (3/15)

Altars:
Ashenzari
Cheibriados
Gozag
Ru
Zin
The Shining One


Innate Abilities, Weirdness & Mutations

You do not eat or drink.
Your flesh is vulnerable to fire.
You are immune to poison.
Your flesh is cold resistant. (rC+)
You are immune to negative energy. (rN+++)
You are immune to unholy pain and torment.
You can survive without breathing.


Message History

The ogre barely resists.
The hobgoblin is no longer distracted by gold.
The ogre hits you with a giant club!!
Ouch! That really hurt!
* * * LOW HITPOINT WARNING * * *
Casting: Pain
Confirm with . or Enter, or press ? or * to list all spells.
Aiming: Pain
Press: ? - help, Shift-Dir - straight line, f/p - ogre
Aim: an ogre, wielding a giant club (lightly wounded, chance to defeat MR: 78%)
The ogre writhes in agony!
The hobgoblin is distracted by the nearby gold.
The ogre barely misses you.
The hobgoblin is no longer distracted by gold.
The ogre misses you.
You see here 21 stones.
The ogre hits you with a giant club!!
Ouch! That really hurt!
You die...
Your body crumbles into a pile of gold.

#..####.....#####.###..#
#..####...#...# .......
#...#.....###.######.#..
###...##.####........#..
#..........#....%.......
#####.......g..#............
............(.....#.....##..
#####.......O...........#..#
.........#.@....####...!..##
.#####.......#..# #.....##
#....##..###.# #..###.#
............# #.##...# #.#
...........(.# .#..##. #..
..............#.... # ...#
..(....$......#..## ...#
......>.......... ..##
.............### #.##


You could see an ogre and a hobgoblin.

Vanquished Creatures
  4 adders
  3 worms
  4 dart slugs
  4 leopard geckos
  3 ball pythons
  2 giant cockroaches
  5 goblins
  6 hobgoblins
  8 jackals
  3 quokkas
  9 bats
  5 frilled lizards
  6 kobolds
  8 rats
  2 plants (D:2)
72 creatures vanquished.

Vanquished Creatures (others)
  A goblin (D:2)
1 creature vanquished.

Grand Total: 73 creatures vanquished

Notes
Turn   | Place    | Note
-------+----------+-------------------------------------------
     0 | D:1      | Reeggar the Mummy Necromancer began the quest for the Orb.
     0 | D:1      | Reached XP level 1. HP: 13/13 MP: 4/4
   378 | D:1      | Reached XP level 2. HP: 19/19 MP: 2/5
   988 | D:1      | Reached XP level 3. HP: 24/24 MP: 4/7
   996 | D:1      | Learned a level 1 spell: Animate Skeleton
  1061 | D:1      | Learned a level 3 spell: Vampiric Draining
  4108 | D:2      | Reached XP level 4. HP: 13/30 MP: 8/10
  4785 | D:2      | Learned a level 4 spell: Animate Dead
  5025 | D:2      | Found a snail-covered altar of Cheibriados.
  5026 | D:2      | Found a glowing silver altar of Zin.
  5032 | D:2      | Found a sacrificial altar of Ru.
  5039 | D:2      | Found an opulent altar of Gozag.
  5039 | D:2      | Found a glowing golden altar of the Shining One.
  5057 | D:2      | Found a shattered altar of Ashenzari.
  5076 | D:2      | Became a worshipper of Gozag Ym Sagoz the Greedy
  5486 | D:3      | Reached skill level 5 in Necromancy
  5492 | D:3      | Noticed an ogre
  5525 | D:3      | Mangled by an ogre

Skill      XL: |  1  2  3  4 |
---------------+-------------+-----
Spellcasting   | 3 4 |  4.4
Necromancy     | 5 |  5.0
Fighting       | |  0.8
Long Blades    | |  0.1
Dodging        | |  1.8
Stealth        | |  1.7
Unarmed Combat | |  0.2

Action                   |  1- 3 |  4- 6 || total
-------------------------+-------+-------++-------
Melee: Unarmed           |    12 |       ||    12
       Long sword        |     5 |    83 ||    88
       Short sword       |     4 |       ||     4
 Cast: Pain              |    73 |    53 ||   126
       Animate Skeleton  |     3 |       ||     3
       Vampiric Draining |     1 |       ||     1
       Animate Dead      |       |     1 ||     1
Invok: Potion Petition   |       |     1 ||     1
  Use: Scroll            |     4 |     1 ||     5
Armor: Robe              |    15 |     1 ||    16
Dodge: Dodged            |    39 |    13 ||    52
       Rpst.: Long sword |     2 |     5 ||     7
